cohdb
Replays
Latest Replays
All Replays
Popular Replays
Top Player Replays
Match Explorer
How It Works
Community
CoH3 Stats
Reddit
Sign in to upload your games and track your stats! →
Sign in with Steam
Match 38437450
Unlisted
Match 38437450
Overview
Messages
Build Orders
End
Kradschützen Motorcycle Team
Selects Italian Combined Arms Battlegroup
Selects Bersaglieri Squad
Bersaglieri Squad
Kradschützen Motorcycle Team
Bersaglieri Squad
Construct Light Support Kompanie
Selects Bersaglieri Bolster
Bersaglieri Squad
Fire Support Elements
Panzerjäger Mechanized Group
Selects Breda Model 30 Light Machine Guns
Veteran Squad Leaders
Construct Panzerarmee Kommand
Armored Reserves
Vehicle Survival Package
Panzer IV Assault Group
Selects Semovente da 75/18 Assault Gun
Selects Strafing Run
Selects Pact of Steel
Walking Stuka Rocket Launcher
StuG Assault Group
Walking Stuka Rocket Launcher
Emergency Repair Kits
AI Takeover
나이트오브
『BlackBear』
0
0
Comments
sign in to comment!
No comments posted yet!